 Dungeon Crawl Stone Soup version 0.29.1-2-gbd0b4ee654 (webtiles) character file.

Game seed: 12724057633273770433

30 Icepheonix32 the Insei (level 3, -1/23 HPs)
             Began as an Octopode Transmuter on Nov 17, 2022.
             Slain by a quokka (2 damage)
             ... on level 1 of the Dungeon.
             The game lasted 00:00:58 (780 turns).

Icepheonix32 the Insei (Octopode Transmuter)         Turns: 780, Time: 00:00:58

Health: -1/23      AC:  1    Str: 11    XL:     3   Next: 18%
Magic:  6/6        EV: 13    Int: 15    God:
Gold:   0          SH:  0    Dex: 12    Spells: 0/6 levels left

rFire   . . .      SeeInvis .     - Unarmed
rCold   . . .      Faith    .   (no shield)
rNeg    . . .      Spirit   .   (helmet restricted)
rPois   .          Reflect  .   (no amulet)
rElec   .          Harm     .   (no ring)
rCorr   .          Rampage  .   (no ring)
Will    .....                   (no ring)
Stlth   ++........              (no ring)
HPRegen 0.07/turn               (no ring)
MPRegen 0.10/turn               (no ring)
                                (no ring)
                                (no ring)

@: no status effects
A: almost no armour, amphibious, 8 rings, camouflage 1, gelatinous body 1,
(nimble swimmer 1), tentacles
a: no special abilities


You were on level 1 of the Dungeon.
You visited 1 branch of the dungeon, and saw 1 of its levels.

Inventory:

Scrolls
 b - a scroll of summoning {unknown}


   Skills:
 + Level 1.0 Fighting
 * Level 2.4 Dodging
 + Level 0.6 Stealth
 + Level 3.5 Unarmed Combat
 + Level 2.2 Spellcasting
 + Level 2.1 Transmutations


You couldn't memorise any spells.
You knew the following spells:

 Your Spells              Type           Power      Damage    Failure   Level
a - Beastly Appendage     Tmut           16%        N/A       9%          1
b - Wereblood             Tmut           8%         N/A       14%         2
c - Spider Form           Tmut/Pois      4%         N/A       38%         3

Your spell library contained the following spells:

 Spells                   Type           Power      Damage    Failure   Level
 Call Canine Familiar     Summ           1%         N/A       54%         3
 Portal Projectile        Hex/Tloc       2%         N/A       54%         3
 Ice Form                 Ice/Tmut       4%         N/A       80%         4
 Leda's Liquefaction      Hex/Erth       0%         N/A       91%         4


Dungeon Overview and Level Annotations

Branches:
Dungeon (1/15)

Altars:


Innate Abilities, Weirdness & Mutations

You cannot wear most types of armour.
You are amphibious.
You can wear up to eight rings at the same time.
Your skin changes colour to match your surroundings (Stealth+).
Your rubbery body absorbs attacks. (AC +1, EV +1)
((You are camouflaged when in or above water. (Stealth+)))
You have tentacles for arms and can constrict up to eight enemies at once.


Message History

You tentacle-slap the kobold but do no damage.
Your grab misses the kobold.
The kobold is moderately wounded.
The kobold closely misses you. The quokka bites you.
You barely miss the kobold. You grab the kobold. You squeeze the kobold.
You kill the kobold!
The quokka bites you.
You are too injured to fight recklessly!
You are too injured to fight recklessly!
The quokka bites you. The quokka misses you.
The quokka attacks as you move away! The quokka bites you.
The goblin closely misses you.
Found 10 gold pieces.
The quokka attacks as you move away! The quokka bites you.
* * * LOW HITPOINT WARNING * * *
The quokka attacks as you move away! The quokka closely misses you.
Casting: Beastly Appendage (safe; 9% risk of failure)
Confirm with . or Enter, or press ? or * to list all spells.
One of your tentacles grows a vicious spike.
The goblin completely misses you. The goblin hits you but does no damage.
You tentacle-slap the goblin but do no damage.
You grab the goblin.
You pierce the goblin.
The goblin is severely wounded.
You constrict the goblin.
You kill the goblin!
Your transformation is almost over.
Things that are here:
a +0 club; a goblin corpse You are too injured to fight recklessly!
You are too injured to fight recklessly!
Unknown command.
Unknown command.
The endoplasm attacks as you move away! The endoplasm hits you.
* * * LOW HITPOINT WARNING * * *
There are monsters nearby!
Your tentacle spike disappears.
The quokka misses you. The quokka closely misses you. The quokka bites you.
You die...

#.#...### ##.#.#.#.#
##..$.....#
##.$.......##
#...........####
#...........##^# ###
#..≈≈≈......##.####..
#.≈@≈J..).# #.##...#
##≈r≈#...## #.##.#..
###≈.≈###.####....#.#
#....)..#!......##..#
#.......#.#...#.#.†..
#.......#.###........
#.......... .........
#..$....#.###...#....
#.......#.# ..###....


You could see an endoplasm and a quokka.

Vanquished Creatures
  A gnoll (D:1)
  A ball python (D:1)
  3 bats (D:1)
  An endoplasm (D:1)
  3 goblins (D:1)
  A hobgoblin (D:1)
  6 kobolds (D:1)
  A frilled lizard (D:1)
  2 rats (D:1)
19 creatures vanquished.

Notes
Turn   | Place    | Note
-------+----------+-------------------------------------------
     0 | D:1      | Icepheonix32 the Octopode Transmuter began the quest for
                  | the Orb.
     0 | D:1      | Reached XP level 1. HP: 13/13 MP: 3/3
    53 | D:1      | Reached XP level 2. HP: 6/18 MP: 3/5
   402 | D:1      | Reached XP level 3. HP: 10/23 MP: 6/6
   405 | D:1      | Learned a level 2 spell: Wereblood
   409 | D:1      | Learned a level 3 spell: Spider Form
   773 | D:1      | HP: 1/23 [endoplasm (3)]
   780 | D:1      | Slain by a quokka

Illustrated notes

Levels and vault maps discovered:
D:1:      lightli_arrival_statue_moat, layout_rooms, serial_rivers,
          chequers_serial_rivers_large_a, chequers_serial_rivers_micro_d,
          chequers_serial_rivers_small_a, chequers_serial_rivers_small_a,
          chequers_serial_rivers_micro_c, chequers_serial_rivers_room_a,
          nicolae_grassy_gnolls

Action                   || total
-------------------------++-------
Melee: Unarmed           ||    41
       Constrict         ||    13
       Kick              ||     8
       Tentacles         ||     6
 Cast: Beastly Appendage ||    10
  Use: Potion            ||     1
Armor: Skin              ||     7
Dodge: Dodged            ||    32
